 Dungeon Crawl Stone Soup version 0.25.1-2-g60ff931df9 (webtiles) character file.

Game seed: 920804261493116422

3790 Curus the Spear-Bearer (level 9, 0/70 HPs)
             Began as a Minotaur Abyssal Knight on Oct 30, 2020.
             Was an Elder of Lugonu.
             Slain by a hornet (10 damage)
             ... while paralysed by a hornet
             ... on level 8 of the Dungeon.
             The game lasted 00:42:52 (7866 turns).

Curus the Spear-Bearer (Minotaur Abyssal Knight)    Turns: 7866, Time: 00:42:53

Health: 0/70       AC: 16    Str: 17    XL:     9   Next: 95%
Magic:  15/15      EV:  2    Int:  9    God:    Lugonu [****..]
Gold:   334        SH:  0    Dex: 13    Spells: 8/8 levels left

rFire    . . .     SeeInvis .   m - +1 trident
rCold    + . .     Gourm    .   g - +0 buckler
rNeg     . . .     Faith    .   w - +0 plate armour {rC+}
rPois    .         Spirit   .   (helmet restricted)
rElec    +         Reflect  .   (no cloak)
rCorr    .         Harm     .   (no gloves)
MR       .....                  l - +0 pair of boots
Stlth    ..........             i - amulet of the acrobat
HPRegen  0.21/turn              (no ring)
MPRegen  0.14/turn              n - +4 ring of protection

@: paralysed, lethally poisoned (0 -> -4)
A: retaliatory headbutt, horns 2, large bone plates 1, electricity resistance
a: Depart the Abyss, Bend Space, Banish, Corrupt, Renounce Religion


You were on level 8 of the Dungeon.
You worshipped Lugonu.
Lugonu was greatly pleased with you.
You were not hungry.

You visited 1 branch of the dungeon, and saw 8 of its levels.
You visited the Abyss 1 time.
You also visited: Ossuary.

You collected 562 gold pieces.
You spent 228 gold pieces at shops.

Inventory:

Hand Weapons
 a - a +1 spear
 m - a +1 trident (weapon)
Armour
 b - a +0 leather armour
 e - a +2 plate armour
 g - a +0 buckler (worn)
 l - a +0 pair of boots (worn)
 w - a +0 plate armour of cold resistance (worn)
 B - a +2 chain mail of fire resistance
Jewellery
 d - a -4 ring of intelligence
 i - an amulet of the acrobat (around neck)
 n - a +4 ring of protection (right hand)
 u - an uncursed amulet of guardian spirit
 y - a cursed amulet of inaccuracy
 C - a -4 ring of evasion
 D - an uncursed ring of fire
Wands
 r - a wand of random effects (20)
 E - a wand of polymorph (5)
Scrolls
 k - 10 scrolls of identify
 o - a scroll of blinking
 p - 7 scrolls of remove curse
 q - 5 scrolls of teleportation
 s - 2 scrolls of fog
 t - a scroll of fear
 z - 2 scrolls of amnesia
Potions
 f - 3 potions of haste
 h - 3 potions of heal wounds
 j - 5 potions of curing
 v - a potion of stabbing
 x - a potion of flight
Comestibles
 c - 12 rations
 A - 12 chunks of flesh


   Skills:
 - Level 3.6 Fighting
 * Level 12.7 Polearms
 - Level 2.4 Armour
 - Level 1.1 Dodging
 + Level 9.6 Invocations


You had 8 spell levels left.
You didn't know any spells.
Your spell library contained the following spells:

 Spells                   Type           Power        Failure   Level  Hunger
 Magic Dart               Conj           #...         100%        1    ##.....
 Searing Ray              Conj           #.....       100%        2    ###....
 Dazzling Flash           Conj/Hex       #.....       100%        3    ####...
 Fulminant Prism          Conj/Hex       #.........   100%        4    #####..
 Iskenderun's Mystic Bla  Conj/Tloc      #.......     100%        4    #####..


Dungeon Overview and Level Annotations

Branches:
Dungeon (8/15)             Temple (0/1) D:7         Ossuary (visited)
   Lair: D:8-11

Altars:
Fedhas
Trog
Wu Jian
Xom
Zin

Shops:
D:4 ?   D:7 *


Innate Abilities, Weirdness & Mutations

You reflexively headbutt those who attack you in melee.
You have a pair of horns on your head.
You are partially covered in large bone plates. (SH +4)
You are resistant to electric shocks. (rElec)


Message History

The hornet is almost dead.
You block the hornet's attack.
You completely miss the hornet.
The hornet is almost dead.
You feel yourself speed up.
The hornet stings you but does no damage. x2
Your plate armour prevents you from hitting the hornet.
The hornet is almost dead.
You block the hornet's attack.
You hit the hornet.
You headbutt the hornet, but do no damage.
The hornet is almost dead.
The hornet stings you!
* * * LOW HITPOINT WARNING * * *
You are poisoned.
You suddenly lose the ability to move!
You feel sick. The hornet stings you!
* * * LOW HITPOINT WARNING * * *
You shrug off the repeated paralysis!
The hornet stings you!
You die...

#.. #.......#####.. .
#...##>#####.#######
# #........#......##
###...##.#..........#
.......!Y....#.##.#.#
........YY...#.# .#
.. .......Y.......# #
#....:###.#.#.#
#....y@.รท.#.....
#.....#######.###
#..... .# #...... #
#...... #.##.## # #.
..


You could see a hornet.

Vanquished Creatures
  A centaur skeleton (D:6)
  A hornet (D:7)
  6 yaks (D:8)
  Menkaure (D:5)
  An orc warrior (D:6)
  A sky beast (D:8)
  A necrophage (D:8)
  A centaur (D:6)
  3 ogres
  An elf zombie (Ossuary)
  5 bullfrogs
  A scorpion (D:3)
  A howler monkey (D:4)
  A jelly (D:7)
  A bullfrog zombie (D:5)
  2 crimson imps
  A human zombie (Ossuary)
  5 hounds
  4 orc priests
  8 orc wizards
  A bullfrog skeleton (D:6)
  An iguana (D:3)
  7 worker ants
  A hound skeleton (D:7)
  3 mummies (Ossuary)
  3 gnolls (D:3)
  10 adders
  A shadow imp (D:7)
  5 oozes
  An adder skeleton (D:4)
  3 worms
  3 dart slugs
  A leopard gecko (D:4)
  16 orcs
  6 bats
  8 giant cockroaches
  9 goblins
  6 hobgoblins
  6 jackals
  3 kobolds (D:3)
  4 quokkas
  11 ball pythons
  3 frilled lizards
  6 hobgoblin zombies (Ossuary)
  3 kobold zombies (Ossuary)
  4 quokka zombies
  4 rats
  5 rat zombies (Ossuary)
180 creatures vanquished.

Vanquished Creatures (others)
  A two-headed ogre (D:7)
  A black bear (D:7)
  An orc warrior (D:6)
  A scorpion (D:7)
  A hound (D:7)
  2 worker ants (D:7)
  An adder (D:7)
  A quokka (D:7)
9 creatures vanquished.

Grand Total: 189 creatures vanquished

Notes
Turn   | Place    | Note
-------+----------+-------------------------------------------
     0 | Abyss:1  | Curus the Minotaur Abyssal Knight began the quest for the
                  | Orb.
     0 | Abyss:1  | Reached XP level 1. HP: 19/19 MP: 1/1
     0 | Abyss:1  | Found a corrupted altar of Lugonu.
    35 | Abyss:1  | Noticed a crimson imp
    40 | Abyss:1  | Killed a crimson imp
    40 | Abyss:1  | Reached skill level 3 in Polearms
    40 | Abyss:1  | Reached XP level 2. HP: 22/26 MP: 3/3
    40 | Abyss:1  | Reached XP level 3. HP: 26/31 MP: 4/4
    51 | Abyss:1  | Noticed a raiju
    53 | D:1      | Escaped the Abyss
   769 | D:2      | Reached skill level 4 in Polearms
   870 | D:2      | Found a glowing silver altar of Zin.
   899 | D:2      | Reached ** piety under Lugonu
   918 | D:2      | Reached XP level 4. HP: 25/39 MP: 5/5
  1110 | D:2      | Found an ornate altar of the Wu Jian Council.
  1811 | D:3      | Reached XP level 5. HP: 34/45 MP: 6/6
  1977 | D:3      | Reached skill level 5 in Polearms
  2280 | D:3      | Reached *** piety under Lugonu
  3027 | D:3      | Reached XP level 6. HP: 51/51 MP: 8/8
  3344 | D:4      | Reached skill level 6 in Polearms
  3365 | D:3      | Reached skill level 5 in Invocations
  3783 | D:3      | Gained mutation: You are resistant to electric shocks.
                  | (rElec) [potion of mutation]
  3783 | D:3      | Gained mutation: You are partially covered in large bone
                  | plates. (SH +4) [potion of mutation]
  3837 | D:4      | Reached XP level 7. HP: 43/57 MP: 8/10
  4051 | D:4      | Reached skill level 7 in Polearms
  4109 | D:4      | Found Daraypug's Magic Scroll Shop.
  4138 | D:4      | Bought a scroll of remove curse for 36 gold pieces
  4138 | D:4      | Bought a scroll of fog for 24 gold pieces
  4138 | D:4      | Bought a scroll of fear for 42 gold pieces
  4302 | D:4      | Reached **** piety under Lugonu
  4377 | D:5      | Entered Level 5 of the Dungeon
  4561 | D:5      | Found a sand-covered staircase.
  4561 | D:5      | Noticed Menkaure
  4569 | D:5      | Killed Menkaure
  4644 | Ossuary  | Entered an ossuary
  4891 | Ossuary  | Reached skill level 8 in Polearms
  4942 | Ossuary  | Reached XP level 8. HP: 62/64 MP: 10/12
  5200 | D:5      | Found a bloodstained altar of Trog.
  5406 | D:6      | Found a blossoming altar of Fedhas.
  5489 | D:6      | Reached skill level 9 in Polearms
  5815 | D:6      | Reached ***** piety under Lugonu
  5856 | D:6      | Reached skill level 10 in Polearms
  6022 | D:6      | Reached XP level 9. HP: 63/70 MP: 14/14
  6512 | D:7      | Noticed a two-headed ogre
  6513 | D:7      | Found a shimmering altar of Xom.
  6526 | D:7      | Killed a two-headed ogre
  6878 | D:7      | Reached skill level 11 in Polearms
  7227 | D:7      | Found Ycozalea's Assorted Antiques.
  7234 | D:7      | Bought a scroll labeled SIREQA LOPE for 21 gold pieces
  7234 | D:7      | Bought a potion of heal wounds for 105 gold pieces
  7419 | D:7      | Found a staircase to the Ecumenical Temple.
  7724 | D:8      | Reached skill level 12 in Polearms
  7857 | D:8      | Paralysed by a hornet for 3 turns
  7865 | D:8      | Paralysed by a hornet for 3 turns
  7866 | D:8      | Slain by a hornet

Illustrated notes

Levels and vault maps discovered:
D:1:      dpeg_arrival_orchard, layout_rooms
D:2:      layout_basic, lemuel_crystal_altar, zin_academy, first_ration,
          kennysheep_generic_room_16
D:3:      layout_loops_corners, grunt_decor_arrowhead, minivault_25,
          minmay_snake_closets
D:4:      layout_rooms, serial_shops, shop, kennysheep_generic_room_15
D:5:      layout_basic, enter_ossuary_1, bloody_trog, uniq_menkaure
D:6:      layout_cave_pools, lemuel_doored_altar
D:7:      layout_basic, xom_confusion_cloud, minmay_temple_entry_proselytizer,
          serial_shops, nicolae_shop_stone
D:8:      layout_loops_cross, minmay_overflow_temple_star_quad, basic_altar

Skill      XL: |  1  2  3  4  5  6  7  8  9 |
---------------+----------------------------+-----
Polearms       | 3 4 5 6 8 10 12 | 12.7
Invocations    | 2 3 4 5 6 8 9 |  9.6
Fighting       | |  3.6
Armour         | |  2.4
Dodging        | |  1.1

Action                   |  1- 3 |  4- 6 |  7- 9 || total
-------------------------+-------+-------+-------++-------
Melee: Spear             |    74 |   211 |       ||   285
       Headbutt          |    10 |    35 |    95 ||   140
       Trident           |       |   109 |   530 ||   639
Invok: Bend Space        |       |     1 |       ||     1
       Banish            |       |       |     1 ||     1
  Use: Potion            |     4 |     4 |     5 ||    13
       Scroll            |     3 |     4 |     9 ||    16
  Eat: Chunk             |       |     9 |    11 ||    20
       Ration            |       |       |     1 ||     1
Armor: Plate armour      |    23 |   173 |   244 ||   440
       Leather armour    |     4 |       |       ||     4
Dodge: Dodged            |    16 |    48 |    60 ||   124
Block: Buckler           |     2 |    23 |   123 ||   148
